TOP OF THE 1ST |
Pensacola Pilots batting - Pitching for Kenosha Kingfish : RHP Josh Young
|
Pitching: RHP Josh Young
|
|
Batting: RHB Roberto Gómez
|
0-0: Ball 1-0: Ground out 6-3 (Groundball, 56D)
|
Batting: LHB Armando Domínguez
|
0-0: Ball 1-0: Called Strike 1-1: Swinging Strike 1-2: Strikes out swinging
|
Batting: RHB Peter Bishop
|
0-0: Called Strike 0-1: Foul Ball, location: 2F 0-2: Ball 1-2: Ball 2-2: Foul Ball, location: 2F 2-2: SINGLE (Line Drive, 56D)
|
Batting: LHB Weston Chaney
|
0-0: Ball Wild Pitch! Peter Bishop to second 1-0: Ball 2-0: Foul Ball, location: 2F 2-1: Foul Ball, location: 2F 2-2: Strikes out swinging
|
Top of the 1st over - 0 run(s), 1 hit(s), 0 error(s), 1 left on base; Pensacola 0 - Kenosha 0 |
BOTTOM OF THE 1ST |
Kenosha Kingfish batting - Pitching for Pensacola Pilots : RHP Luis Salas
|
Pitching: RHP Luis Salas
|
|
Batting: RHB Manuel Gómez
|
0-0: Ball 1-0: Ball 2-0: Ball 3-0: Called Strike 3-1: Base on Balls
|
Batting: SHB John Beach
|
0-0: Ball 1-0: Ball 2-0: Called Strike 2-1: Foul Ball, location: 2F 2-2: 2-RUN HOME RUN (Flyball, 89XD), Distance : 419 ft
|
Batting: LHB Jon Quinn
|
0-0: Swinging Strike 0-1: Ball 1-1: Ball 2-1: Foul Ball, location: 2F 2-2: Ball 3-2: Base on Balls
|
Batting: LHB Davey Casey
|
0-0: Fly out, F9 (Flyball, 89D)
|
Batting: RHB Sergio Mata
|
0-0: Grounds into double play, 4-6-3 (Groundball, 4)
|
Bottom of the 1st over - 2 run(s), 1 hit(s), 0 error(s), 0 left on base; Pensacola 0 - Kenosha 2 |
TOP OF THE 2ND |
Pensacola Pilots batting - Pitching for Kenosha Kingfish : RHP Josh Young
|
Batting: LHB Ricardo García
|
0-0: Called Strike 0-1: Foul Ball, location: 2F 0-2: Ball 1-2: Foul Ball, location: 2F 1-2: Ground out 4-3 (Groundball, 34)
|
Batting: LHB Pedro Ramos
|
0-0: Ball 1-0: Called Strike 1-1: Foul Ball, location: 2F 1-2: Ball 2-2: Ball 3-2: Fly out, F6 (Line Drive, 6)
|
Batting: SHB Fernando Gutiérrez
|
0-0: Ball 1-0: Ball 2-0: SINGLE (Groundball, 56D)
|
Batting: RHB Leopoldo Horgan
|
0-0: Ball 1-0: Called Strike 1-1: Ball 2-1: SINGLE (Groundball, 6D) Fernando Gutiérrez to second
|
Batting: RHB Jesús García
|
0-0: Ball 1-0: Called Strike 1-1: Fly out, F9 (Flyball, 9S)
|
Top of the 2nd over - 0 run(s), 2 hit(s), 0 error(s), 2 left on base; Pensacola 0 - Kenosha 2 |
BOTTOM OF THE 2ND |
Kenosha Kingfish batting - Pitching for Pensacola Pilots : RHP Luis Salas
|
Batting: SHB Devin Smith
|
0-0: SINGLE (Popup, 4D)
|
Batting: LHB Gustavo Gómez
|
0-0: Called Strike 0-1: Ball Devin Smith steals 2nd base 1-1: Ball 2-1: Ball 3-1: Base on Balls
|
Batting: RHB Bob Lee
|
0-0: Ball 1-0: Called Strike 1-1: Ball 2-1: Called Strike 2-2: Ball 3-2: Strikes out swinging
|
Batting: RHB Tommy Davenport
|
0-0: Ball 1-0: Called Strike 1-1: Foul Ball, location: 2F 1-2: Strikes out swinging
|
Batting: RHB Manuel Gómez
|
0-0: Called Strike 0-1: Fly out, F7 (Line Drive, 7)
|
Bottom of the 2nd over - 0 run(s), 1 hit(s), 0 error(s), 2 left on base; Pensacola 0 - Kenosha 2 |
TOP OF THE 3RD |
Pensacola Pilots batting - Pitching for Kenosha Kingfish : RHP Josh Young
|
Batting: RHB Roberto Gómez
|
0-0: Foul Ball, location: 2F 0-1: Ball 1-1: Ball 2-1: Ground out 5-3 (Groundball, 5)
|
Batting: LHB Armando Domínguez
|
0-0: Called Strike 0-1: Foul Ball, location: 2F 0-2: Ball 1-2: Foul Ball, location: 2F 1-2: Foul Ball, location: 2F 1-2: Ball 2-2: Foul Ball, location: 2F 2-2: Fly out, F8 (Flyball, 8LM)
|
Batting: RHB Peter Bishop
|
0-0: Foul Ball, location: 2F 0-1: Called Strike 0-2: Fly out, F3 (Popup, 34D)
|
Top of the 3rd over - 0 run(s), 0 hit(s), 0 error(s), 0 left on base; Pensacola 0 - Kenosha 2 |
BOTTOM OF THE 3RD |
Kenosha Kingfish batting - Pitching for Pensacola Pilots : RHP Luis Salas
|
Batting: SHB John Beach
|
0-0: Called Strike 0-1: Ball 1-1: Foul Ball, location: 2F 1-2: Strikes out swinging
|
Batting: LHB Jon Quinn
|
0-0: Called Strike 0-1: Swinging Strike 0-2: Ball 1-2: Fly out, F9 (Flyball, 9)
|
Batting: LHB Davey Casey
|
0-0: Ground out 4-3 (Groundball, 4M)
|
Bottom of the 3rd over - 0 run(s), 0 hit(s), 0 error(s), 0 left on base; Pensacola 0 - Kenosha 2 |
TOP OF THE 4TH |
Pensacola Pilots batting - Pitching for Kenosha Kingfish : RHP Josh Young
|
Batting: LHB Weston Chaney
|
0-0: Ball 1-0: Ball 2-0: Called Strike 2-1: Fly out, F7 (Flyball, 7)
|
Batting: LHB Ricardo García
|
0-0: Foul Ball, location: 2F 0-1: Swinging Strike 0-2: Ball 1-2: SINGLE (Line Drive, 78S)
|
Batting: LHB Pedro Ramos
|
0-0: Ball 1-0: Ball Ricardo García steals 2nd base 2-0: Called Strike 2-1: Foul Ball, location: 2F 2-2: Fly out, F7 (Flyball, 7LS)
|
Batting: SHB Fernando Gutiérrez
|
0-0: Ball 1-0: Ball 2-0: Ball 3-0: Base on Balls
|
Batting: RHB Leopoldo Horgan
|
0-0: Ball 1-0: Ball 2-0: Ball 3-0: Base on Balls Ricardo García to third Fernando Gutiérrez to second
|
Batting: RHB Jesús García
|
0-0: Foul Ball, location: 2F 0-1: Called Strike 0-2: Strikes out looking
|
Top of the 4th over - 0 run(s), 1 hit(s), 0 error(s), 3 left on base; Pensacola 0 - Kenosha 2 |
BOTTOM OF THE 4TH |
Kenosha Kingfish batting - Pitching for Pensacola Pilots : RHP Luis Salas
|
Batting: RHB Sergio Mata
|
0-0: Ball 1-0: Ball 2-0: SINGLE (Groundball, 56) (infield hit)
|
Batting: SHB Devin Smith
|
0-0: Ball 1-0: Foul Ball, location: 2F 1-1: Called Strike 1-2: Ball 2-2: Strikes out looking
|
Batting: LHB Gustavo Gómez
|
0-0: Called Strike 0-1: Fly out, F3 (Line Drive, 3) Lined into DP, U3 (Line Drive, 3)
|
Bottom of the 4th over - 0 run(s), 1 hit(s), 0 error(s), 0 left on base; Pensacola 0 - Kenosha 2 |
TOP OF THE 5TH |
Pensacola Pilots batting - Pitching for Kenosha Kingfish : RHP Josh Young
|
Batting: RHB Roberto Gómez
|
0-0: Called Strike 0-1: Swinging Strike 0-2: Strikes out swinging
|
Batting: LHB Armando Domínguez
|
0-0: Ball 1-0: Ball 2-0: Called Strike 2-1: Ball 3-1: Foul Ball, location: 2F 3-2: Base on Balls
|
Pitching: RHP Augusto Ruíz
|
|
Batting: RHB Peter Bishop
|
0-0: Ball 1-0: Called Strike 1-1: Ball 2-1: Foul Ball, location: 2F 2-2: Fielders Choice at 2nd, 5-4 (Groundball, 56)
|
Batting: LHB Weston Chaney
|
0-0: Fly out, F8 (Flyball, 8LS)
|
Top of the 5th over - 0 run(s), 0 hit(s), 0 error(s), 1 left on base; Pensacola 0 - Kenosha 2 |
BOTTOM OF THE 5TH |
Kenosha Kingfish batting - Pitching for Pensacola Pilots : RHP Luis Salas
|
Batting: RHB Bob Lee
|
0-0: Ball 1-0: Ball 2-0: Ball 3-0: Called Strike 3-1: Called Strike 3-2: Foul Ball, location: 2F 3-2: Foul Ball, location: 2F 3-2: Foul Ball, location: 2F 3-2: Base on Balls
|
Batting: RHB Tommy Davenport
|
0-0: Ball 1-0: Fly out, F4 (Line Drive, 4M)
|
Batting: RHB Manuel Gómez
|
0-0: Swinging Strike 0-1: Ball 1-1: Ball 2-1: Fly out, F4 (Line Drive, 4)
|
Batting: SHB John Beach
|
0-0: Ball 1-0: SINGLE (Flyball, 89S) Bob Lee to second Runner from 2nd tries for 3rd, SAFE, throw made to third
|
Batting: LHB Jon Quinn
|
0-0: Swinging Strike 0-1: DOUBLE (Flyball, 78M) Bob Lee scores John Beach to third Runner from 3rd tries for Home, SAFE, no throw
|
Batting: LHB Davey Casey
|
0-0: Called Strike 0-1: SINGLE (Flyball, 78S) Jon Quinn to third Runner from 3rd tries for Home, SAFE, no throw
|
Batting: RHB Sergio Mata
|
0-0: Ball 1-0: Fly out, F9 (Line Drive, 9S)
|
Bottom of the 5th over - 3 run(s), 3 hit(s), 0 error(s), 1 left on base; Pensacola 0 - Kenosha 5 |
TOP OF THE 6TH |
Pensacola Pilots batting - Pitching for Kenosha Kingfish : RHP Augusto Ruíz
|
Batting: LHB Ricardo García
|
0-0: Foul Ball, location: 2F 0-1: Ground out 4-3 (Groundball, 4)
|
Batting: LHB Pedro Ramos
|
0-0: Ground out 4-3 (Groundball, 34)
|
Batting: SHB Fernando Gutiérrez
|
0-0: Ball 1-0: Called Strike 1-1: Foul Ball, location: 2F 1-2: Ball 2-2: Fly out, F8 (Flyball, 8RM)
|
Top of the 6th over - 0 run(s), 0 hit(s), 0 error(s), 0 left on base; Pensacola 0 - Kenosha 5 |
BOTTOM OF THE 6TH |
Kenosha Kingfish batting - Pitching for Pensacola Pilots : RHP Luis Salas
|
Batting: SHB Devin Smith
|
0-0: Called Strike 0-1: Swinging Strike 0-2: Foul Ball, location: 2F 0-2: Ball 1-2: Foul Ball, location: 2F 1-2: Ball 2-2: Foul Ball, location: 2F 2-2: Ball 3-2: SINGLE (Line Drive, 89S)
|
Batting: LHB Gustavo Gómez
|
0-0: Ball 1-0: Called Strike 1-1: Ball 2-1: Foul Ball, location: 2F 2-2: Strikes out swinging
|
Batting: RHB Bob Lee
|
0-0: Ball Devin Smith steals 2nd base 1-0: Swinging Strike 1-1: Fly out, F9 (Flyball, 9LMF)
|
Batting: RHB Tommy Davenport
|
0-0: Called Strike 0-1: Foul Ball, location: 2F 0-2: Ball 1-2: Fly out, F9 (Flyball, 9LMF)
|
Bottom of the 6th over - 0 run(s), 1 hit(s), 0 error(s), 1 left on base; Pensacola 0 - Kenosha 5 |
TOP OF THE 7TH |
Pensacola Pilots batting - Pitching for Kenosha Kingfish : RHP Augusto Ruíz
|
Batting: RHB Leopoldo Horgan
|
0-0: Foul Ball, location: 2F 0-1: Foul Ball, location: 2F 0-2: Fly out, F6 (Popup, 6)
|
Batting: RHB Jesús García
|
0-0: Ball 1-0: Ball 2-0: Swinging Strike 2-1: Fly out, F9 (Flyball, 89S)
|
Batting: RHB Roberto Gómez
|
0-0: Ball 1-0: Called Strike 1-1: Foul Ball, location: 2F 1-2: Ball 2-2: Ball 3-2: Base on Balls
|
Batting: LHB Armando Domínguez
|
0-0: Ball 1-0: Called Strike 1-1: Called Strike Roberto Gómez is caught stealing 2nd base
|
Top of the 7th over - 0 run(s), 0 hit(s), 0 error(s), 0 left on base; Pensacola 0 - Kenosha 5 |
BOTTOM OF THE 7TH |
Kenosha Kingfish batting - Pitching for Pensacola Pilots : RHP Luis Salas
|
Batting: RHB Manuel Gómez
|
0-0: Ball 1-0: Ball 2-0: Called Strike 2-1: Ball 3-1: Base on Balls
|
Batting: SHB John Beach
|
0-0: Ball 1-0: Ball 2-0: SINGLE (Line Drive, 4MD) Manuel Gómez to second
|
Pitching: RHP Jesús Núñez
|
|
Batting: LHB Jon Quinn
|
0-0: Called Strike Manuel Gómez is caught stealing 3rd base John Beach to second 0-1: Ball 1-1: Ball 2-1: Called Strike 2-2: Ball 3-2: Base on Balls
|
Batting: LHB Davey Casey
|
0-0: Ball 1-0: Ball Wild Pitch! John Beach to third Jon Quinn to second 2-0: Foul Ball, location: 2F 2-1: Fly out, F3 (Line Drive, 3)
|
Pitching: RHP Manuel Valdés
|
|
Batting: RHB Sergio Mata
|
0-0: Called Strike 0-1: Ball 1-1: Foul Ball, location: 2F 1-2: Foul Ball, location: 2F 1-2: Strikes out swinging
|
Bottom of the 7th over - 0 run(s), 1 hit(s), 0 error(s), 2 left on base; Pensacola 0 - Kenosha 5 |
TOP OF THE 8TH |
Pensacola Pilots batting - Pitching for Kenosha Kingfish : RHP Augusto Ruíz
|
Batting: LHB Armando Domínguez
|
0-0: Called Strike 0-1: Ball 1-1: Ground out 6-3 (Groundball, 56)
|
Pitching: RHP Edwin Manning
|
|
Batting: RHB Peter Bishop
|
0-0: Ball 1-0: Called Strike 1-1: SINGLE (Line Drive, 8RS)
|
Batting: LHB Weston Chaney
|
0-0: SINGLE (Groundball, 56D) Peter Bishop to second
|
Batting: LHB Ricardo García
|
0-0: Ball 1-0: Foul Ball, location: 2F 1-1: Ball 2-1: Ball 3-1: Grounds into double play, 4-6-3 (Groundball, 4)
|
Top of the 8th over - 0 run(s), 2 hit(s), 0 error(s), 1 left on base; Pensacola 0 - Kenosha 5 |
BOTTOM OF THE 8TH |
Kenosha Kingfish batting - Pitching for Pensacola Pilots : RHP Manuel Valdés
|
Batting: SHB Devin Smith
|
0-0: Swinging Strike 0-1: Foul Ball, location: 2F 0-2: Ball 1-2: Reached on error, E1 (Groundball, P)
|
Batting: LHB Gustavo Gómez
|
0-0: Ball 1-0: Ball 2-0: Ball 3-0: Called Strike 3-1: Foul Ball, location: 2F 3-2: Strikes out swinging
|
Batting: RHB Bob Lee
|
0-0: SINGLE (Line Drive, 8RS) Devin Smith to second
|
Batting: RHB Tommy Davenport
|
0-0: Foul Ball, location: 2F 0-1: Called Strike Devin Smith steals 3rd base Bob Lee to second 0-2: Ball 1-2: Strikes out swinging
|
Batting: RHB Manuel Gómez
|
0-0: Swinging Strike 0-1: Ball 1-1: Foul Ball, location: 2F 1-2: SINGLE (Groundball, 56S) (infield hit) Devin Smith scores Bob Lee to third
|
Batting: SHB John Beach
|
0-0: Ball 1-0: Ball 2-0: Ground out 4-3 (Groundball, 4S)
|
Bottom of the 8th over - 1 run(s), 2 hit(s), 1 error(s), 2 left on base; Pensacola 0 - Kenosha 6 |
TOP OF THE 9TH |
Pensacola Pilots batting - Pitching for Kenosha Kingfish : RHP Edwin Manning
|
Batting: LHB Pedro Ramos
|
0-0: Ball 1-0: Foul Ball, location: 2F 1-1: Swinging Strike 1-2: Ball 2-2: Foul Ball, location: 2F 2-2: Foul Ball, location: 2F 2-2: Foul Ball, location: 2F 2-2: Ball 3-2: Foul Ball, location: 2F 3-2: DOUBLE (Line Drive, 9LM)
|
Batting: SHB Fernando Gutiérrez
|
0-0: SINGLE (Flyball, 78S) Pedro Ramos to third Runner from 3rd tries for Home, SAFE, no throw
|
Batting: RHB Leopoldo Horgan
|
0-0: Swinging Strike 0-1: Ball 1-1: Fly out, F7 (Flyball, 7S)
|
Batting: RHB Jesús García
|
0-0: Ball Wild Pitch! Fernando Gutiérrez to second 1-0: Swinging Strike 1-1: Swinging Strike 1-2: Foul Ball, location: 2F 1-2: Strikes out looking
|
Batting: RHB Roberto Gómez
|
0-0: Ball 1-0: Foul Ball, location: 2F 1-1: Called Strike 1-2: Foul Ball, location: 2F 1-2: Strikes out swinging
|
Top of the 9th over - 1 run(s), 2 hit(s), 0 error(s), 1 left on base; Pensacola 1 - Kenosha 6 |
|